 Dungeon Crawl Stone Soup version 0.23-a0-171-g5ae17c6 (webtiles) character file.

1716 Ijustatesigmund the Chopper (level 9, -1/61 HPs)
             Began as an Octopode Gladiator on Sept 14, 2018.
             Was a Follower of Cheibriados.
             Shot with an arrow by a centaur (3 damage)
             ... on level 8 of the Dungeon.
             The game lasted 00:16:01 (6442 turns).

Ijustatesigmund the Chopper (Octopode Gladiator)    Turns: 6442, Time: 00:16:01

Health: -1/61      AC:  3    Str: 15    XL:     9   Next: 4%
Magic:  11/11      EV: 23    Int: 14    God:    Cheibriados [*.....]
Gold:   45         SH:  0    Dex: 22    Spells: 8/8 levels left

rFire    . . .     SeeInvis .   b - +2 war axe (venom)
rCold    + . .     Gourm    .   (no shield)
rNeg     . . .     Faith    .   l - +2 hat
rPois    .         Spirit   .   (no amulet)
rElec    .         Reflect  .   r - ring of wizardry
rCorr    .         Harm     .   s - ring of flight
MR       .....                  t - ring of protection from cold
Stlth    ++++++....             (no ring)
HPRegen  0.20/turn              (no ring)
MPRegen  0.12/turn              (no ring)
                                (no ring)
                                (no ring)

@: agile, very slow
A: almost no armour, stealthy swim, amphibious, 8 rings, constrict 8, camouflage
1, gelatinous body 1
a: Bend Time, Renounce Religion, Evoke Flight


You were on level 8 of the Dungeon.
You worshipped Cheibriados.
Cheibriados was aware of your devotion.
You were not hungry.

You visited 2 branches of the dungeon, and saw 10 of its levels.

You collected 405 gold pieces.
You spent 360 gold pieces at shops.

Inventory:

Hand Weapons
 a - a +3 war axe
 b - a +2 war axe of venom (weapon)
Armour
 l - a +2 hat (worn)
Jewellery
 r - a ring of wizardry (left tentacle)
 s - a ring of flight (right tentacle)
 t - a ring of protection from cold (on tentacle)
Wands
 f - a wand of acid (8)
Scrolls
 h - a scroll of magic mapping
 k - 2 scrolls of teleportation
 m - 3 scrolls of remove curse
 v - a scroll of identify
 w - a scroll of enchant armour
Potions
 c - a potion of ambrosia {unknown}
 e - 2 potions of cancellation
 g - a potion of might
 i - 2 potions of curing
 j - 3 potions of brilliance
 o - a potion of magic
 p - a potion of lignification
Comestibles
 d - 3 rations


   Skills:
 + Level 5.6 Fighting
 + Level 6.7 Axes
 - Level 2.0 Throwing
 + Level 6.1 Dodging
 - Level 5.8 Stealth
 + Level 3.9 Invocations


You had 8 spell levels left.
You didn't know any spells.
Your spell library contained the following spells:

 Spells                   Type           Power        Failure   Level  Hunger
 Confusing Touch          Hex            #.....       12%         1    ##.....
 Confuse                  Hex            #.......     32%         3    ####...
 Gell's Gravitas          Tloc           #.........   32%         3    ####...
 Petrify                  Tmut/Erth      #.......     71%         4    #####..
 Metabolic Englaciation   Hex/Ice        #.........   95%         5    ######.
 Yara's Violent Unravell  Hex/Tmut       #.........   95%         5    ######.


Dungeon Overview and Level Annotations

Branches:
Dungeon (9/15)             Temple (1/1) D:5
   Lair: D:8-11         Orc: D:9-12

Altars:
Ashenzari
Cheibriados
Dithmenos
Elyvilon
Gozag
Hepliaklqana
Kikubaaqudgha
Makhleb
Nemelex Xobeh
Okawaru
Qazlal
Ru
Sif Muna
Trog
Uskayaw
Vehumet
Wu Jian
Xom
Yredelemnul
Zin
The Shining One

Shops:
D:8 }


Innate Abilities, Weirdness & Mutations

You cannot wear most types of armour.
You are very stealthy in the water. (Stealth+)
You are amphibious.
You can wear up to eight rings at the same time.
You can use your tentacles to constrict eight enemies at once.
Your skin changes colour to match your surroundings (Stealth+).
Your rubbery body absorbs attacks. (AC +1, EV +1)


Message History

The centaur shoots an arrow.
The arrow misses you.
You aren't carrying any items that you can evoke.
The centaur shoots an arrow.
The arrow barely misses you.
You hear a splash.
The centaur shoots an arrow.
The arrow closely misses you.
The centaur shoots an arrow.
The arrow hits you!
* * * LOW HITPOINT WARNING * * *
Found a ration.
There is an entrance to Sizehuz's Gadget Shop here.
You see here 2 arrows.
f - a wand of acid (8) Thank you for shopping at Sizehuz's Gadget Shop!
Evoke which item? (* to show all) (? for menu, Esc to quit)
Aiming: Corrosive Bolt
Press: ? - help, Shift-Dir - straight line, f - you
Okay, then.
You feel agile all of a sudden.
The centaur shoots an arrow.
The arrow closely misses you.
The centaur shoots an arrow.
The arrow hits you.
You die...

#.......#
#.......##
#........# #
#........#
#.###........#
#....(.......#
#.#####≈≈≈.(....#
##..
#%....≈≈(≈≈......#
....
###..@∩≈≈..c.#.#
..... ##≈≈≈≈≈....#
.#.....
##≈≈≈...####§#§§...
####...# #§§§§...
#...#####§§c...
#$..#.§§§§§....
...#.§§§§§..!.
###.§§O§§.###
#...§...#


You could see a centaur.

Vanquished Creatures
  A hungry ghost (D:7)
  A black bear (D:7)
  An ice beast (D:7)
  A sky beast (D:5)
  2 ogres
  2 phantoms
  2 centaurs (D:7)
  2 bullfrogs (D:6)
  A killer bee (D:8)
  3 crimson imps
  2 hounds (D:5)
  A jelly (D:6)
  2 centaur skeletons
  An orc wizard (D:3)
  2 bullfrog skeletons (D:6)
  5 worker ants
  11 adders
  A shadow imp (D:5)
  An ooze (D:1)
  An adder skeleton (D:4)
  A worm (D:3)
  6 leopard geckos
  5 orcs
  3 giant cockroaches
  5 goblins
  8 hobgoblins
  5 jackals
  3 quokkas
  5 bats
  4 frilled lizards
  7 kobolds
  A quokka skeleton (D:4)
  A quokka zombie (D:6)
  8 rats
105 creatures vanquished.

Notes
Turn   | Place    | Note
-------+----------+-------------------------------------------
     0 | D:1      | Ijustatesigmund the Octopode Gladiator began the quest for
                  | the Orb.
     0 | D:1      | Reached XP level 1. HP: 14/14 MP: 1/1
   180 | D:1      | Reached skill level 1 in Stealth
   419 | D:1      | Reached XP level 2. HP: 19/19 MP: 2/2
  1128 | D:2      | Found a faded altar of an unknown god.
  1322 | D:2      | Reached XP level 3. HP: 24/24 MP: 3/3
  1380 | D:2      | Found an ancient bone altar of Kikubaaqudgha.
  1521 | D:2      | Found a radiant altar of Vehumet.
  1521 | D:2      | Found an iron altar of Okawaru.
  1528 | D:2      | Found a glowing silver altar of Zin.
  1530 | D:2      | Found a faded altar of an unknown god.
  1532 | D:2      | Found a shimmering altar of Xom.
  1803 | D:3      | Noticed an ogre
  2059 | D:3      | Killed an ogre
  2059 | D:3      | Reached XP level 4. HP: 11/29 MP: 4/4
  2059 | D:3      | Reached XP level 5. HP: 13/34 MP: 5/5
  2268 | D:3      | Reached skill level 5 in Stealth
  3225 | D:4      | Reached skill level 5 in Axes
  3260 | D:4      | Reached XP level 6. HP: 25/39 MP: 6/6
  3281 | D:4      | Found a sacrificial altar of Ru.
  3315 | D:5      | Entered Level 5 of the Dungeon
  3364 | D:5      | Noticed a phantom
  3558 | D:5      | Noticed a sky beast
  3564 | D:5      | Killed a sky beast
  3795 | D:4      | Reached XP level 7. HP: 39/46 MP: 7/7
  3854 | D:4      | Found a glowing golden altar of the Shining One.
  4526 | D:5      | Found a bloodstained altar of Trog.
  4765 | D:5      | Found a staircase to the Ecumenical Temple.
  4771 | Temple   | Entered the Ecumenical Temple
  4855 | Temple   | Became a worshipper of Cheibriados the Contemplative
  5061 | D:6      | Reached skill level 1 in Invocations
  5061 | D:6      | Reached XP level 8. HP: 43/54 MP: 8/8
  5372 | D:6      | Reached skill level 5 in Dodging
  5788 | D:7      | Reached skill level 5 in Fighting
  6149 | D:7      | Reached XP level 9. HP: 39/61 MP: 11/11
  6426 | D:8      | Reached * piety under Cheibriados
  6435 | D:8      | Found Sizehuz's Gadget Shop.
  6440 | D:8      | HP: 1/61 [centaur/arrow (14)]
  6441 | D:8      | Bought a wand of acid (8) for 360 gold pieces
  6442 | D:8      | Shot with an arrow by a centaur

Vault maps used:
D:1:      enne_arrival_octagon_isle, st_stairs_6
D:2:      kiku_gazebo_pond_becter, chequers_temple_overflow_minitemple,
          chequers_ecumenical_altar_simple_redux
D:4:      nicolae_tso_swordbearing_angel, kennysheep_mini_moat, first_ration,
          minmay_misc_feat_rows
D:5:      minmay_temple_entry_enclosed_plants, hangedman_decor_riveting,
          bloody_trog
D:6:      minmay_opposing_rooms, lemuel_tele_altar
D:8:      serial_shops, nicolae_shop_waterfront
D:9:      kennysheep_little_box, david_orc_3, basic_altar, hangedman_fish_farm
Temple:   nicolae_temple_great_sept

Skill      XL: |  1  2  3  4  5  6  7  8 |
---------------+-------------------------+-----
Stealth        | 1 2 4 5 |  5.8
Axes           | 4 5 6 |  6.7
Fighting       | 3 4 5 |  5.6
Dodging        | 4 6 |  6.1
Invocations    | 1 3 |  3.9
Throwing       | |  2.0

Action                   |  1- 3 |  4- 6 |  7- 9 || total
-------------------------+-------+-------+-------++-------
Melee: War axe           |    48 |    79 |   112 ||   239
       Constrict         |     7 |    15 |    16 ||    38
       Tentacles         |     7 |    21 |    19 ||    47
Throw: Throwing net      |       |       |     5 ||     5
Invok: Bend Time         |       |       |     2 ||     2
  Use: Scroll            |     8 |     7 |     8 ||    23
       Potion            |     3 |     2 |     8 ||    13
 Stab: Sleeping          |    13 |     5 |    12 ||    30
       Distracted        |       |     1 |       ||     1
  Eat: Chunk             |     2 |     3 |     5 ||    10
       Ration            |     1 |       |     3 ||     4
Armor: Skin              |       |     7 |    13 ||    20
Dodge: Dodged            |    17 |    56 |    93 ||   166

Table legend:
 A = Non-vault XP
 B = Vault XP
 C = Vault XP percentage of total XP
 D = Non-vault monster count
 E = Vault monster count
 F = Vault count percentage of total count
                 A         B        C        D         E       F
            +---------+---------+-------+---------+---------+-------
      Total |    2292 |     160 |   6.5 |      98 |       7 |   6.7
            +---------+---------+-------+---------+---------+-------
        D:1 |      18 |       3 |  14.3 |       9 |       2 |  18.2
        D:2 |      26 |       0 |   0.0 |      17 |       0 |   0.0
        D:3 |     252 |       0 |   0.0 |      29 |       0 |   0.0
        D:4 |     227 |       0 |   0.0 |       8 |       0 |   0.0
        D:5 |     515 |       0 |   0.0 |      15 |       0 |   0.0
        D:6 |     346 |     157 |  31.2 |      10 |       5 |  33.3
        D:7 |     829 |       0 |   0.0 |       7 |       0 |   0.0
        D:8 |      79 |       0 |   0.0 |       3 |       0 |   0.0
            +---------+---------+-------+---------+---------+-------
